 Dungeon Crawl Stone Soup version 0.23.0 (webtiles) character file.

Game seed: 4462576793893241175

44 xileck the Firebug (level 3, -9/27 HPs)
             Began as a Draconian Fire Elementalist on Feb 12, 2019.
             Was an Initiate of Ru.
             Mangled by an iguana (11 damage)
             ... on level 1 of the Dungeon.
             The game lasted 00:08:31 (1722 turns).

xileck the Firebug (Draconian Fire Elementalist)    Turns: 1722, Time: 00:08:32

Health: -9/27      AC:  5    Str: 10    XL:     3   Next: 41%
Magic:  4/6        EV: 12    Int: 16    God:    Ru [......]
Gold:   38         SH:  0    Dex: 11    Spells: 3/6 levels left

rFire    . . .     SeeInvis .   c - +0 dagger
rCold    . . .     Gourm    .   (no shield)
rNeg     . . .     Faith    .   (armour unavailable)
rPois    .         Spirit   .   (helmet restricted)
rElec    .         Reflect  .   (no cloak)
rCorr    .         Harm     .   (no gloves)
MR       .....                  (no boots)
Stlth    ++........             (no amulet)
HPRegen  0.09/turn              (no ring)
MPRegen  0.10/turn              (no ring)

@: no status effects
A: unfitting armour, cold-blooded, AC +5
a: Renounce Religion


You were on level 1 of the Dungeon.
You worshipped Ru.
Ru was noncommittal.
You were hungry.

You visited 1 branch of the dungeon, and saw 2 of its levels.

You collected 38 gold pieces.

Inventory:

Hand Weapons
 c - a +0 dagger (weapon)
 d - a +0 short sword
Missiles
 a - 90 stones (quivered)
 h - 32 sling bullets
Jewellery
 e - an uncursed ring of ice {unknown}
Scrolls
 g - a scroll of teleportation {unknown}
Potions
 f - a potion of cancellation {unknown}
 i - 2 potions of might {unknown}
Comestibles
 b - a ration


   Skills:
 + Level 0.9 Fighting
 - Level 1.8 Dodging
 - Level 1.7 Stealth
 + Level 2.3 Spellcasting
 * Level 2.0 Conjurations
 * Level 3.5 Fire Magic


You had 3 spell levels left.
You knew the following spells:

 Your Spells              Type           Power        Failure   Level  Hunger
a - Flame Tongue          Conj/Fire      ##...        6%          1    #......
x - Throw Flame           Conj/Fire      ##....       10%         2    ###....

Your spell library contained the following spells:

 Spells                   Type           Power        Failure   Level  Hunger
 Conjure Flame            Conj/Fire      ##......     19%         3    ###....
 Inner Flame              Hex/Fire       #.......     28%         3    ###....
 Sticky Flame             Conj/Fire      ##......     54%         4    #####..
 Fireball                 Conj/Fire      ##........   87%         5    ######.


Dungeon Overview and Level Annotations

Branches:
Dungeon (2/15)

Altars:
Ru


Innate Abilities, Weirdness & Mutations

Your plain brown scales are hard. (AC +5)
You cannot fit into any form of body armour.
You are cold-blooded and may be slowed by cold attacks.


Message History

You are feeling hungry.
Casting: Throw Flame (safe; 10% risk of failure)
Confirm with . or Enter, or press ? or * to list all spells.
Aiming: Flame Tongue (safe; 6% risk of failure)
Press: ? - help, Shift-Dir - straight line, f - iguana
Aim: an iguana The flame tongue hits the iguana!
The iguana is heavily wounded.
The iguana bites you.
* * * LOW HITPOINT WARNING * * *
Casting: Flame Tongue (safe; 6% risk of failure)
Confirm with . or Enter, or press ? or * to list all spells.
Aiming: Flame Tongue (safe; 6% risk of failure)
Press: ? - help, Shift-Dir - straight line, f/p - iguana
Aim: an iguana (heavily wounded)
The flame tongue hits the iguana.
The iguana is almost dead.
The iguana barely misses you. The iguana bites you!
You die...

...# #(....................# ...#
#.....................# ...#
#.....................#
...#####.....................####
..........[......................
...#.......................######
####.......................##....
PPPP.......................##.##.
PPPP............@......######.##.
PPPP##...#####..l................
.PPP#........#...................
.PPP#............................
P.PP#............................
P.PP##...#.........###...........
P.PP##...#.........# #.....#####.
P.PP##...#.........###.#....# ##
P.PP##......#......##.......#


You could see an iguana.

Vanquished Creatures
  An adder (D:2)
  An ooze (D:1)
  A dart slug (D:1)
  3 leopard geckos
  A giant cockroach (D:1)
  A goblin (D:2)
  3 hobgoblins (D:1)
  2 jackals (D:2)
  A quokka (D:2)
  2 bats
  4 frilled lizards
  2 kobolds
  6 rats (D:1)
  2 fungi (D:2)
30 creatures vanquished.

Notes
Turn   | Place    | Note
-------+----------+-------------------------------------------
     0 | D:1      | xileck the Draconian Fire Elementalist began the quest for
                  | the Orb.
     0 | D:1      | Reached XP level 1. HP: 14/14 MP: 3/3
   139 | D:1      | Reached XP level 2. HP: 20/20 MP: 0/5
   339 | D:1      | Learned a level 2 spell: Throw Flame
   864 | D:2      | Reached XP level 3. HP: 23/27 MP: 0/6
  1178 | D:2      | Found a sacrificial altar of Ru.
  1192 | D:2      | Became a worshipper of Ru the Awakened
  1220 | D:2      | HP: 1/27 [iguana (4)]
  1722 | D:1      | Mangled by an iguana

Skill      XL: |  1  2  3 |
---------------+----------+-----
Conjurations   | 2 |  2.0
Fighting       | |  0.9
Dodging        | |  1.8
Stealth        | |  1.7
Spellcasting   | |  2.3
Fire Magic     | |  3.5

Action                   || total
-------------------------++-------
Melee: Dagger            ||    76
       Unarmed           ||     3
       Tailslap          ||    12
Throw: Stone             ||    45
 Cast: Flame Tongue      ||    36
       Throw Flame       ||    12
  Eat: Ration            ||     1
Armor: Skin              ||     6
Dodge: Dodged            ||    26
